cohdb
Replays
Latest Replays
All Replays
Popular Replays
Top Player Replays
Match Explorer
How It Works
Community
CoH3 Stats
Reddit
Sign in to upload your games and track your stats! →
Sign in with Steam
Match 42147255
Unlisted
Match 42147255
Overview
Messages
Build Orders
End
Kettenkrad Recon Vehicle
Construct Infanterie Kompanie
MG 42 Machine Gun Team
MG 42 Machine Gun Team
Construct Panzergrenadier Kompanie
Panzergrenadier Squad
251 Medium Carrier
Pak 40 Anti-tank Gun Team
Panzergrenadier Squad
Support Elements
Nebelwerfer 42 Rocket Launcher Team
Construct Panzer Kompanie
MG 42 Bunker
Panzer IV Medium Tank
MG 42 Bunker
Alex
Waffles
U-1942-VIIB
L1mbo
GhettoSQG
Spriggan
Baigaman
BooralKing
0
0
Comments
sign in to comment!
No comments posted yet!